 Dungeon Crawl Stone Soup version 0.30.0-5-g1a98f26d00 (webtiles) character file.

Game seed: 5013045102929848354

190 SeerSkye the Chopper (level 5, -1/48 HPs)
             Began as a Minotaur Fighter on May 10, 2023.
             Was a Believer of Cheibriados.
             Slain by Robin
             ... wielding a +0 spear
              (3 damage)
             ... on level 4 of the Dungeon.
             The game lasted 00:02:16 (1842 turns).

SeerSkye the Chopper (Minotaur Fighter)             Turns: 1842, Time: 00:02:17

Health: -1/48      AC:  9    Str: 28    XL:     5   Next: 41%
Magic:  4/4        EV:  9    Int: 10    God:    Cheibriados [**....]
Gold:   192        SH:  0    Dex: 14    Spells: 4/4 levels left

rFire   . . .        a - +0 war axe
rCold   + . .        c - +0 buckler
rNeg    + . .        b - +0 scale mail
rPois   .            (helmet restricted)
rElec   .            i - +1 cloak {Stlth+}
rCorr   .            (no gloves)
SInv    .            (no boots)
Will    .....        (no amulet) Stlth
                     f - ring of positive energy
HPRegen 0.28/turn    s - ring of protection from cold
MPRegen 0.09/turn

%: no passive effects
@: confused, very slow
A: horns 2, retaliatory headbutt
a: Renounce Religion, Bend Time


You were on level 4 of the Dungeon.
You worshipped Cheibriados.
Cheibriados was pleased with you.
You visited 1 branch of the dungeon, and saw 4 of its levels.

You collected 192 gold pieces.

Inventory:

Hand Weapons
 a - a +0 war axe (weapon)
Armour
 b - a +0 scale mail (worn)
 c - a +0 buckler (worn)
 i - a +1 cloak of stealth (worn)
Jewellery
 f - a ring of positive energy (left hand)
 s - a ring of protection from cold (right hand)
Wands
 r - a wand of polymorph (6)
Scrolls
 e - 3 scrolls of acquirement {unknown}
 g - 5 scrolls of identify {@r1}
 h - 2 scrolls of vulnerability {unknown}
 j - a scroll of enchant weapon {unknown}
 l - a scroll of immolation {unknown}
 n - a scroll of teleportation {unknown}
 p - a scroll of amnesia {unknown}
 q - a scroll of fear {unknown}
Potions
 d - a potion of might
 k - 4 potions of curing {@q1}
 m - a potion of degeneration {unknown}
 o - a potion of flight {unknown}


   Skills:
 + Level 5.0 Fighting
 * Level 5.3 Axes
 - Level 4.0 Armour
 - Level 4.0 Shields


You had 4 spell levels left.
You didn't know any spells.
Your spell library contained the following spells:

 Spells                   Type           Power      Damage    Failure   Level
 Magic Dart               Conj           0%         1d3       67%         1
 Slow                     Hex            0%         N/A       67%         1
 Searing Ray              Conj           0%         2d4       80%         2
 Confusing Touch          Hex            0%         N/A       95%         3
 Ozocubu's Armour         Ice            0%         N/A       95%         3
 Vampiric Draining        Necr           0%         2d6       95%         3
 Fulminant Prism          Conj/Hex       0%         3d5       100%        4
 Metabolic Englaciation   Hex/Ice        0%         N/A       100%        5
 Simulacrum               Ice/Necr       0%         N/A       100%        6


Dungeon Overview and Level Annotations

Branches:
Dungeon (4/15) Zot: 33362
 Temple: D:4-7

Altars:
Cheibriados
Dithmenos
Uskayaw
Wu Jian

Annotations:
D:3 3 runed translucent doors, HobsGoblin's ghost, amateur DsWn
D:4 Robin


Innate Abilities, Weirdness & Mutations

You have a pair of horns on your head.
You reflexively headbutt those who attack you in melee.


Message History

You are too injured to fight recklessly!
You are too injured to fight recklessly!
Unknown command.
You barely miss the orc priest. You headbutt the orc priest.
You kill the orc priest!
Cheibriados thoroughly appreciates the change of pace.
Cheibriados raises the support of your attributes as your movement slows.
You closely miss the orc. You slash something! You miss something.
Robin barely misses you. Something hits you but does no damage.
The orc hits you but does no damage. Something hits you.
* * * LOW HITPOINT WARNING * * *
You block the orc's attack.
Something hits you but does no damage. x2
Robin hits you but does no damage.
Your Fighting skill increases to level 5!
Found 6 stones.
Something hits you but does no damage. You block the orc's attack.
You block something's attack.
Robin hits you from afar with a +0 spear.
* * * LOW HITPOINT WARNING * * *
Items here: ))) †.
Unknown command.
You hit the orc but do no damage. You headbutt the orc!
You kill the orc!
Cheibriados thoroughly appreciates the change of pace.
You closely miss something. You hit something but do no damage.
Robin completely misses you.
You hear some strange, mumbled words.
A magic dart appears from out of thin air!
The magic dart hits you!
* * * LOW HITPOINT WARNING * * *
You hear some strange, mumbled words.
Something tries to affect you, but you resist.
Something hits you but does no damage.
You hear some strange, mumbled words.
You are confused.
You hear some strange, mumbled words.
A magic dart appears from out of thin air!
The magic dart hits you.
* * * LOW HITPOINT WARNING * * *
Robin hits you from afar with a +0 spear.
You die...

#.. .........#
##..#..........
(...#.........
.............
#...........
##.......... ...
#....g...... #..#
##..@{)..##.. #...
##...).)......
#...##....)###.....
#.........## ....
##........## ...
#........## ..
#........# .
........##
........## .


You could see Robin.

Vanquished Creatures
  An orc priest (D:4)
  Natasha (thrice) (D:3)
  2 adders (D:2)
  3 worms
  3 orcs
  4 bats
  2 endoplasms (D:2)
  4 giant cockroaches
  12 goblins
  5 hobgoblins
  2 jackals (D:3)
  2 quokkas (D:1)
  5 ball pythons
  5 kobolds
  2 rats
55 creatures vanquished.

Notes
Turn   | Place    | Note
-------+----------+-------------------------------------------
     0 | D:1      | SeerSkye the Minotaur Fighter began the quest for the Orb.
     0 | D:1      | Reached XP level 1. HP: 19/19 MP: 0/0
   170 | D:1      | Reached XP level 2. HP: 27/27 MP: 1/1
   581 | D:2      | Reached XP level 3. HP: 29/33 MP: 2/2
   715 | D:2      | Found a shadowy altar of Dithmenos.
   764 | D:2      | You fall into a shaft and drop 1 floor!
   783 | D:3      | Found a faded altar of an unknown god.
   801 | D:3      | Prayed at the altar of an unknown god.
   801 | D:3      | Became a worshipper of Cheibriados the Contemplative
   801 | D:3      | Reached * piety under Cheibriados
   829 | D:3      | Noticed Natasha
   839 | D:3      | Killed Natasha
   840 | D:3      | Reached XP level 4. HP: 22/41 MP: 3/3
   999 | D:3      | Found an ornate altar of the Wu Jian Council.
  1062 | D:3      | Found a runed translucent gate.
  1062 | D:3      | Noticed HobsGoblin's ghost (amateur DsWn)
  1062 | D:3      | Identified the +9 whip "Emoybo Miach" {heavy, rC- Dex+3}
  1062 | D:3      | Identified the +5 chain mail of the Comet {rF- Int+7}
  1063 | D:3      | Found a runed translucent gate.
  1064 | D:3      | Found a runed translucent gate.
  1221 | D:3      | Noticed Natasha
  1230 | D:3      | Killed Natasha
  1411 | D:3      | Noticed Natasha
  1417 | D:3      | Killed Natasha
  1418 | D:3      | Reached XP level 5. HP: 41/47 MP: 4/4
  1803 | D:4      | Found a hide-covered altar of Uskayaw.
  1827 | D:4      | Noticed Robin
  1831 | D:4      | Reached ** piety under Cheibriados
  1835 | D:4      | Reached skill level 5 in Axes
  1840 | D:4      | Reached skill level 5 in Fighting
  1842 | D:4      | HP: 2/48 [something/magic dart (2)]
  1842 | D:4      | Slain by Robin

Illustrated notes

Levels and vault maps discovered:
D:1:      minmay_arrival_checkered_box, layout_rooms
D:2:      layout_rooms, basic_altar
D:3:      layout_basic, mainiacjoe_overflow_concentric_impassable,
          nicolae_ecumenical_snake_handling, biasface_ghost_orc_armoury,
          uniq_natasha
D:4:      layout_layer_cave, mainiacjoe_overflow_paths, tgw_sif, uniq_robin

Skill      XL: |  1  2  3  4  5 |
---------------+----------------+-----
Fighting       | 4 5 |  5.0
Shields        | 4 |  4.0
Axes           | 3 4 5 |  5.3
Armour         | 4 |  4.0

Action                     |  1- 3 |  4- 6 || total
---------------------------+-------+-------++-------
  Melee: War axe           |    65 |    40 ||   105
         Headbutt          |     9 |    10 ||    19
    Use: Scroll            |       |     1 ||     1
 Armour: Scale mail        |    43 |    38 ||    81
  Dodge: Dodged            |    24 |    24 ||    48
  Block: Buckler           |    18 |    16 ||    34
